 Dungeon Crawl Stone Soup version 0.19.1-1-g22dce08 (webtiles) character file.

1052 esteth the Cleaver (level 8, -9/64 HPs)
             Began as a Minotaur Berserker on Jan 10, 2017.
             Was a Priest of Trog.
             Mangled by an orc warrior
             ... wielding a +0 glaive of chopping
              (18 damage)
             ... on level 6 of the Dungeon.
             The game lasted 00:10:52 (4352 turns).

esteth the Cleaver (Minotaur Berserker)             Turns: 4352, Time: 00:10:52

Health: -9/64      AC:  5    Str: 22    XL:     8   Next: 5%
Magic:  7/7        EV: 11    Int:  4    God:    Trog [***...]
Gold:   326        SH:  0    Dex: 12    Spells: 0 memorised, 7 levels left

rFire  + + +     SeeInvis +     h - +0 war axe
rCold  x . .     Gourm    .     t - +0 ring mail {rF+}
rNeg   . . .     Faith    .     (no shield)
rPois  +         Spirit   .     (helmet restricted)
rElec  .         Reflect  +     v - +0 cloak
rCorr  .         Harm     .     w - +0 pair of gloves (curse)
MR     .....     Clarity  +     (no boots)
Stlth  ..........               j - +3 amulet of reflection
                                F - ring of poison resistance
                                q - ring of fire

@: confused
A: retaliatory headbutt, horns 2, see invisible, clarity, deformed body, fire
resistance 1, slow regeneration 1, wild magic 1
a: Berserk, Trog's Hand, Burn Spellbooks, Renounce Religion


You were on level 6 of the Dungeon.
You worshipped Trog.
Trog was most pleased with you.
You were not hungry.

You visited 1 branch of the dungeon, and saw 6 of its levels.
You also visited: Sewer.

You collected 326 gold pieces.

Inventory:

Hand Weapons
 a - a +0 hand axe
 h - a +0 war axe (weapon)
 u - a +2 shortbow of freezing
Missiles
 o - 7 silver tomahawks (quivered)
 A - 4 steel tomahawks
 B - 3 tomahawks
 G - 17 arrows
Armour
 b - a +0 animal skin
 g - a +0 ring mail
 t - a +0 ring mail of fire resistance (worn)
 v - a +0 cloak (worn)
 w - a cursed +0 pair of gloves (worn)
 z - a +0 buckler
Jewellery
 j - a +3 amulet of reflection (around neck)
 q - a ring of fire (left hand)
 F - a ring of poison resistance (right hand)
Wands
 y - a wand of flame (30/48)
 D - a wand of flame (29/48)
Scrolls
 e - a scroll of identify
 i - a scroll of immolation {unknown}
 l - a scroll of enchant armour {unknown}
 n - 3 scrolls of remove curse {unknown}
 r - 2 scrolls of amnesia {unknown}
 s - a scroll of fog {unknown}
 x - 2 scrolls of magic mapping {unknown}
Potions
 d - a potion of degeneration {unknown}
 k - 4 potions of ambrosia
 m - 3 potions of curing {unknown}
 p - a potion of might {unknown}
 C - a potion of lignification {unknown}
 E - a potion of brilliance {unknown}
 H - 2 potions of heal wounds {unknown}
 I - 3 potions of flight {unknown}
Comestibles
 c - 5 bread rations {@e1}
 f - 8 fruits


   Skills:
 - Level 3.6 Fighting
 + Level 11.5 Axes
 - Level 2.4 Armour
 - Level 2.1 Dodging


You had 7 spell levels left.
You didn't know any spells.

Dungeon Overview and Level Annotations

Branches:
Dungeon (6/15)
 Temple: D:4-7

Altars:
Elyvilon
Kikubaaqudgha
Ru
Xom

Shops:
D:6 :

Annotations:
D:6 Blork the orc


Innate Abilities, Weirdness & Mutations

You reflexively headbutt those who attack you in melee.
You have a pair of horns on your head.
You have supernaturally acute eyesight. (SInv)
You possess an exceptional clarity of mind.
Armour fits poorly on your strangely shaped body.
Your flesh is heat resistant. (rF+)
You regenerate slowly when monsters are visible.
Your spells are a little harder to cast, but a little more powerful.


Message History

Blork the orc seems to speed up.
The orc warrior hits you from afar with a glaive of chopping!!
You hit the orc priest but do no damage.
The orc priest is heavily wounded.
You hit the orc. The orc priest barely misses you. The orc barely misses you.
You furiously retaliate!
You headbutt the orc, but do no damage. You slash the orc priest!
You kill the orc priest!
Trog accepts your kill.
You hit the orc.
The orc warrior hits you from afar with a glaive of chopping!
* * * LOW HITPOINT WARNING * * *
x2 The orc hits you with a dagger.
* * * LOW HITPOINT WARNING * * *
You are too injured to fight recklessly!
It was a potion of ambrosia.
You are confused.
You feel invigorated. The orc misses you.
The orc warrior hits you from afar with a glaive of chopping!!
You die...

..######
#.....>#
.##......#
........#
#......# ##
.oo.? # ..
#oo#.# #.
#@#.#
#.##..# .
#...## . .
###.# #
....#####.#
.
.........>#
#
....####..#
# # #<.#
####
###..###


You could see Blork the orc, an orc warrior and 2 orcs.

Vanquished Creatures
  The ghost of esteth the Charmwright, an amateur MfSk (D:3)
  A centaur (D:6)
  A big kobold (Sewer)
  2 bullfrogs (D:6)
  A scorpion (D:4)
  A water moccasin skeleton (D:5)
  3 hounds
  2 orc priests
  Jessica (D:2)
  An iguana (D:4)
  6 worker ants
  2 hound skeletons
  A river rat (Sewer)
  2 adders
  An adder skeleton (D:4)
  3 worms
  3 dart slugs
  5 leopard geckos
  14 orcs
  8 giant cockroaches
  5 goblins
  3 hobgoblins
  12 jackals
  4 quokkas
  A ball python (D:2)
  3 bats
  2 frilled lizards (D:1)
  9 kobolds
  10 rats
108 creatures vanquished.

Vanquished Creatures (others)
  An orc wizard (D:5)
1 creature vanquished.

Grand Total: 109 creatures vanquished

Notes
Turn   | Place    | Note
-------+----------+-------------------------------------------
     0 | D:1      | esteth the Minotaur Berserker began the quest for the Orb.
     0 | D:1      | Reached XP level 1. HP: 19/19 MP: 0/0
   149 | D:1      | Reached skill level 4 in Axes
   645 | D:1      | Reached XP level 2. HP: 26/26 MP: 1/1
   853 | D:2      | Noticed Jessica
   863 | D:2      | Killed Jessica
   863 | D:2      | Reached skill level 5 in Axes
   863 | D:2      | Reached XP level 3. HP: 10/31 MP: 2/2
  1187 | D:2      | Found an ancient bone altar of Kikubaaqudgha.
  1289 | D:2      | Reached ** piety under Trog
  1680 | D:3      | Reached XP level 4. HP: 39/39 MP: 3/3
  1690 | D:3      | Reached skill level 6 in Axes
  1947 | D:3      | Noticed esteth's ghost (amateur MfSk)
  1995 | D:3      | Killed esteth's ghost
  1995 | D:3      | Reached skill level 7 in Axes
  1995 | D:3      | Reached XP level 5. HP: 45/45 MP: 4/4
  2238 | D:4      | Reached skill level 8 in Axes
  2260 | D:4      | Reached XP level 6. HP: 49/51 MP: 5/5
  2599 | D:4      | Reached skill level 9 in Axes
  2720 | D:4      | Reached *** piety under Trog
  2733 | D:4      | Noticed a hippogriff
  2871 | D:5      | Entered Level 5 of the Dungeon
  2871 | D:5      | Found a white marble altar of Elyvilon.
  2942 | D:5      | Found a sacrificial altar of Ru.
  2983 | D:5      | Reached XP level 7. HP: 57/57 MP: 6/6
  3195 | D:5      | Reached skill level 10 in Axes
  3219 | D:5      | Found a shimmering altar of Xom.
  3625 | D:6      | Reached skill level 11 in Axes
  3824 | D:6      | Found Topnias's Book Shop.
  3899 | D:6      | Found a glowing drain.
  3936 | Sewer    | Entered a sewer
  4094 | Sewer    | Found a white marble altar of Elyvilon.
  4134 | Sewer    | Gained mutation: You regenerate slowly when monsters are visible. [potion of mutation]
  4134 | Sewer    | Gained mutation: Your spells are a little harder to cast, but a little more powerful. [potion of mutation]
  4134 | Sewer    | Gained mutation: Your flesh is heat resistant. (rF+) [potion of mutation]
  4135 | Sewer    | Gained mutation: Armour fits poorly on your strangely shaped body. [potion of mutation]
  4135 | Sewer    | Gained mutation: You have supernaturally acute eyesight. (SInv) [potion of mutation]
  4135 | Sewer    | Gained mutation: You possess an exceptional clarity of mind. [potion of mutation]
  4302 | D:6      | Reached XP level 8. HP: 59/64 MP: 7/7
  4348 | D:6      | Noticed Blork the orc
  4352 | D:6      | Mangled by an orc warrior

Skill      XL: |  1  2  3  4  5  6  7 |
---------------+----------------------+-----
Axes           | 4 5 7 8 9 11 | 11.5
Fighting       | |  3.6
Armour         | |  2.4
Dodging        | |  2.1

Action                   |  1- 3 |  4- 6 |  7- 9 || total
-------------------------+-------+-------+-------++-------
Melee: Hand axe          |    65 |   110 |   126 ||   301
       Headbutt          |    11 |    18 |    21 ||    50
       War axe           |       |       |     3 ||     3
 Fire: Shortbow          |       |       |     6 ||     6
Invok: Berserk           |       |     1 |     1 ||     2
       Trog's Hand       |       |       |     1 ||     1
  Use: Scroll            |       |       |     3 ||     3
       Potion            |       |       |     3 ||     3
  Eat: Chunk             |     2 |     6 |     5 ||    13
Armor: Ring mail         |    20 |    21 |    43 ||    84
       Animal skin       |     3 |       |       ||     3
Dodge: Dodged            |    27 |    61 |    58 ||   146
Block: Buckler           |       |     8 |    18 ||    26
       Other             |       |       |     7 ||     7
       Reflection        |       |       |     3 ||     3
